 Dungeon Crawl Stone Soup version 0.20-a0-1018-ge435b50 (console) character file.

3150 vuev the Cleaver (level 9, -2/75 HPs)
             Began as a Minotaur Monk on Apr 17, 2017.
             Was an Elder of Makhleb.
             Shot with a sling bullet by Joseph (15 damage)
             ... on level 8 of the Dungeon.
             The game lasted 00:16:45 (8714 turns).

vuev the Cleaver (Minotaur Monk)                    Turns: 8714, Time: 00:16:46

Health: -2/75      AC: 13    Str: 18    XL:     9   Next: 62%
Magic:  10/10      EV:  7    Int:  7    God:    Makhleb [****..]
Gold:   301        SH:  0    Dex: 14    Spells: 8/8 levels left

rFire    . . .     SeeInvis +   L - +1 war axe (flame)
rCold    . . .     Gourm    .   (no shield)
rNeg     . . .     Faith    .   j - +0 plate armour
rPois    .         Spirit   .   (helmet restricted)
rElec    .         Reflect  .   (no cloak)
rCorr    .         Harm     .   (no gloves)
MR       .....                  Q - +0 pair of boots
Stlth    ..........             (no amulet)
Regen    0.3/turn               e - ring of see invisible
MPRegen  0.2/turn               p - ring of flight

@: no status effects
A: retaliatory headbutt, horns 2
a: Minor Destruction, Lesser Servant of Makhleb, Major Destruction, Renounce
Religion, Evoke Flight


You were on level 8 of the Dungeon.
You worshipped Makhleb.
Makhleb was greatly pleased with you.
You were not hungry.

You visited 2 branches of the dungeon, and saw 9 of its levels.

You collected 447 gold pieces.
You spent 146 gold pieces at shops.

Inventory:

Hand Weapons
 d - a -1 dagger
 g - a +0 hand axe
 l - a +0 dire flail of protection
 K - a +0 war axe
 L - a +1 war axe of flaming (weapon)
Missiles
 m - a tomahawk (quivered)
 o - 176 stones
Armour
 a - a +0 robe
 c - a +0 ring mail
 f - a +0 ring mail of magic resistance
 j - a +0 plate armour (worn)
 Q - a +0 pair of boots (worn)
Jewellery
 e - a ring of see invisible (left hand)
 p - a ring of flight (right hand)
 s - an uncursed amulet of magic regeneration
Wands
 k - a wand of polymorph (8/24)
 q - a wand of iceblast (7/15)
 B - a wand of lightning (3/15)
Scrolls
 i - 2 scrolls of teleportation
 t - a scroll of blinking
 v - 3 scrolls of remove curse
 y - a scroll of fear
 z - 4 scrolls of random uselessness {unknown}
 C - a scroll of enchant armour {unknown}
 D - a scroll of immolation {unknown}
 I - 2 scrolls of identify
 J - a scroll of magic mapping {unknown}
 O - a scroll of enchant weapon {unknown}
 P - a scroll of acquirement {unknown}
Potions
 n - 2 potions of flight {unknown}
 x - a potion of curing {unknown}
 A - a potion of mutation {unknown}
 E - a potion of invisibility {unknown}
 F - a potion of heal wounds
 G - 2 potions of brilliance {unknown}
 H - 2 potions of degeneration {unknown}
 M - a potion of ambrosia {unknown}
 N - a potion of cancellation {unknown}
Comestibles
 b - 8 bread rations
 h - 3 royal jellies
 r - 2 meat rations
 u - 4 fruits
 w - 4 chunks of flesh


   Skills:
 - Level 5.8 Fighting
 + Level 13.7 Axes
 - Level 5.1 Armour
 - Level 4.3 Dodging
 - Level 3.2 Stealth
 - Level 3.0 Invocations


You had 8 spell levels left.
You didn't know any spells.

Dungeon Overview and Level Annotations

Branches:
Dungeon (8/15)             Temple (1/1) D:4
   Lair: D:8-11

Altars:
Elyvilon
Fedhas
Kikubaaqudgha
Makhleb
Qazlal
Ru
Trog
Xom
Yredelemnul
The Shining One

Shops:
D:6 (

Annotations:
D:8 Joseph


Innate Abilities, Weirdness & Mutations

You reflexively headbutt those who attack you in melee.
You have a pair of horns on your head.


Message History

Joseph is moderately wounded.
A demon appears!
Joseph hits you with an uncursed quarterstaff!
* * * LOW HITPOINT WARNING * * *
You swap places.
Joseph unwields an uncursed quarterstaff.
Joseph wields an uncursed hunting sling.
Joseph shoots a sling bullet.
The sling bullet hits your hellwing but does no damage.
Your hellwing hits Joseph! Your hellwing hits Joseph.
You see here 2 sling bullets.
Joseph shoots a sling bullet.
The sling bullet hits your hellwing but does no damage.
Your hellwing hits Joseph! Your hellwing hits Joseph.
Joseph shoots a sling bullet.
The sling bullet hits your hellwing!
Your hellwing barely misses Joseph.
Your hellwing misses Joseph.
Joseph shoots a sling bullet.
The sling bullet barely misses your hellwing.
The sling bullet hits you!
You die...

#.######.#
#.#......###≈
##.#..##..##..
#............≈#
#..........?.≈≈
#.##.....#.#...
#.@...#####....
#4##.(.# #...###
#@###.#.....>#...#
#...#
#"..#....#..<.
#...# ###..
.#...... #....
.......h... #....
...≈.....[ #.....
@....h≈... #.....
.≈≈.≈≈≈..≈ #....≈≈
≈≈;≈≈≈;≈≈≈
≈h≈.≈≈≈≈.


You could see Joseph and a friendly hellwing.

Vanquished Creatures
  Grinder (D:6)
  Prince Ribbit (D:7)
  A hippogriff (D:7)
  Edmund (D:5)
  A water moccasin (D:5)
  A sky beast (D:5)
  An ice beast (D:5)
  The ghost of Vidiiot the Cutter, an amateur MiAs (D:5)
  An ogre (D:6)
  2 wolves (D:8)
  A centaur (D:7)
  6 bullfrogs
  2 scorpions
  A howler monkey (D:5)
  A crimson imp (D:5)
  7 hounds
  A centaur zombie (D:5)
  A bullfrog zombie (D:6)
  An orc priest (D:5)
  A centaur skeleton (D:3)
  12 orc wizards
  Terence (D:3)
  8 worker ants
  A killer bee zombie (D:7)
  A hound skeleton (D:6)
  11 adders
  4 gnolls (D:6)
  2 shadow imps
  2 oozes
  An adder skeleton (D:7)
  4 worms
  3 dart slugs
  A leopard gecko (D:1)
  25 orcs
  4 bats
  14 giant cockroaches
  13 goblins
  7 hobgoblins
  5 jackals
  5 kobolds
  6 quokkas
  9 frilled lizards
  9 rats
181 creatures vanquished.

Notes
Turn   | Place    | Note
-------+----------+-------------------------------------------
     0 | D:1      | vuev the Minotaur Monk began the quest for the Orb.
     0 | D:1      | Reached XP level 1. HP: 22/22 MP: 0/0
    29 | D:1      | Reached skill level 5 in Fighting
   179 | D:1      | Reached XP level 2. HP: 29/29 MP: 1/1
   336 | D:1      | Reached skill level 1 in Armour
  1086 | D:2      | Reached XP level 3. HP: 36/36 MP: 2/2
  2227 | D:3      | Reached XP level 4. HP: 37/44 MP: 3/3
  2461 | D:3      | Noticed Terence
  2518 | D:3      | Killed Terence
  2791 | D:3      | Reached XP level 5. HP: 47/50 MP: 4/4
  2871 | D:3      | Reached skill level 5 in Armour
  3024 | D:3      | Found a glowing golden altar of the Shining One.
  3320 | D:4      | Reached skill level 1 in Axes
  3361 | D:4      | Reached skill level 2 in Axes
  3374 | D:4      | Reached skill level 3 in Axes
  3438 | D:4      | Found a staircase to the Ecumenical Temple.
  3487 | Temple   | Entered the Ecumenical Temple
  3507 | Temple   | Became a worshipper of Makhleb the Destroyer
  3507 | Temple   | Reached * piety under Makhleb
  3507 | Temple   | Reached ** piety under Makhleb
  3712 | D:4      | Reached XP level 6. HP: 56/57 MP: 5/5
  3723 | D:4      | Reached skill level 1 in Invocations
  4068 | D:4      | Reached skill level 4 in Axes
  4220 | D:5      | Entered Level 5 of the Dungeon
  4340 | D:5      | Reached XP level 7. HP: 38/62 MP: 6/8
  4597 | D:5      | Reached skill level 5 in Axes
  4650 | D:5      | Noticed Vidiiot's ghost (amateur MiAs)
  4668 | D:5      | Killed Vidiiot's ghost
  4769 | D:5      | Reached skill level 6 in Axes
  5073 | D:5      | Reached skill level 7 in Axes
  5171 | D:5      | Reached skill level 8 in Axes
  5171 | D:5      | Reached XP level 8. HP: 62/70 MP: 9/9
  5218 | D:6      | Noticed Edmund
  5218 | D:6      | Noticed Grinder
  5270 | D:5      | Killed Edmund
  5436 | D:5      | Reached skill level 9 in Axes
  5716 | D:6      | Paralysed by Grinder for 4 turns
  5732 | D:6      | Killed Grinder
  5732 | D:6      | Reached skill level 10 in Axes
  6106 | D:6      | Reached *** piety under Makhleb
  6305 | D:6      | Found Lomaj's Weapon Shoppe.
  6312 | D:6      | Bought a +1 war axe of flaming for 146 gold pieces
  6406 | D:6      | Reached skill level 11 in Axes
  6805 | D:6      | Reached XP level 9. HP: 75/75 MP: 10/10
  7484 | D:7      | Reached skill level 12 in Axes
  8040 | D:7      | Reached **** piety under Makhleb
  8380 | D:8      | Noticed Prince Ribbit
  8394 | D:7      | Killed Prince Ribbit
  8394 | D:7      | Reached skill level 13 in Axes
  8692 | D:8      | Noticed Joseph
  8714 | D:8      | Shot with a sling bullet by Joseph

Vault maps used:
D:1:      saegor_arrival_simple_f
D:2:      kennysheep_flooded_box
D:3:      grunt_ministairs_4, tso_altar, uniq_terence
D:4:      minmay_temple_entry_purple_smoke, first_bread
D:6:      serial_shops, shop, gup_sewer_entry_glass, uniq_edmund, uniq_grinder
D:8:      kennysheep_mini_moat, erik_lair_island, serial_shops,
          nicolae_shop_behind_doors, grunt_ogre_cave, uniq_prince_ribbit1,
          uniq_joseph, uniq_psyche
Temple:   nicolae_temple_the_god_donut

Skill      XL: |  1  2  3  4  5  6  7  8  9 |
---------------+----------------------------+-----
Fighting       | 5 |  5.8
Armour         | 1 3 4 5 |  5.1
Axes           | 3 4 8 11 13 | 13.7
Invocations    | 2 3 |  3.0
Dodging        | |  4.3
Stealth        | |  3.2

Action                   |  1- 3 |  4- 6 |  7- 9 || total
-------------------------+-------+-------+-------++-------
Melee: Dagger            |   123 |   118 |       ||   241
       Headbutt          |    27 |    52 |    63 ||   142
       Unarmed           |     3 |       |       ||     3
       Hand axe          |       |   113 |   175 ||   288
       War axe           |       |       |   144 ||   144
       Dire flail        |       |       |    29 ||    29
Throw: Tomahawk          |    12 |     9 |     9 ||    30
       Stone             |     1 |       |       ||     1
Invok: Minor Destruction |       |       |     5 ||     5
       Lesser Servant of |       |       |     1 ||     1
Evoke: Wand              |       |       |     4 ||     4
  Use: Scroll            |     3 |     5 |     3 ||    11
       Potion            |       |     1 |       ||     1
 Stab: Sleeping          |     5 |       |       ||     5
  Eat: Chunk             |     4 |     6 |    14 ||    24
       Fruit             |       |     1 |     1 ||     2
Armor: Ring mail         |    21 |       |       ||    21
       Plate armour      |    24 |   123 |   200 ||   347
Dodge: Dodged            |    61 |    66 |   105 ||   232
